 Dungeon Crawl Stone Soup version 0.17-a0-1939-ga475588 (webtiles) character file.

1433 Xipe the Cleaver (level 8, 0/66 HPs)
             Began as a Hill Orc Fighter on Sept 29, 2015.
             Was a Follower of Beogh.
             Slain by a sky beast (6 damage)
             ... on level 7 of the Dungeon.
             The game lasted 00:27:29 (5295 turns).

Xipe the Cleaver (Hill Orc Fighter)                 Turns: 5295, Time: 00:27:30

Health: 0/66       AC:  9    Str: 24    XL:     8   Next: 73%
Magic:  8/8        EV:  8    Int: 10    God:    Beogh [*.....]
Gold:   268        SH: 11    Dex: 10    Spells: 0 memorised, 7 levels left

rFire  . . .     SeeInvis .     a - +0 war axe
rCold  . . .     Clarity  .     b - +0 scale mail
rNeg   . . .     SustAt   .     c - +0 shield
rPois  .         Gourm    .     k - +0 helmet
rElec  .         Spirit   .     (no cloak)
rCorr  .         Warding  .     (no gloves)
rMut   .         Stasis   .     (no boots)
MR     .....                    (no amulet)
Stlth  ..........               (no ring)
                                (no ring)

@: mighty, not resistant to hostile enchantments, extremely unstealthy
A: no striking features
a: Renounce Religion


You were on level 7 of the Dungeon.
You worshipped Beogh.
Beogh was aware of your devotion.
You were hungry.

You visited 1 branch of the dungeon, and saw 7 of its levels.

You collected 268 gold pieces.

Inventory:

Hand weapons
 a - a +0 war axe (weapon)
 y - a cursed -1 battleaxe
 M - a +1 long sword of holy wrath
Missiles
 w - 10 tomahawks (quivered)
 K - a throwing net
Armour
 b - a +0 scale mail (worn)
 c - a +0 shield (worn)
 k - a +0 helmet (worn)
 s - a +0 buckler
 F - the +4 leather armour "Ydda" {Str+5}
   (You found it on level 5 of the Dungeon)

   It affects your strength (+5).
Jewellery
 h - an uncursed ring of magical power
 t - an uncursed ring of ice
 L - an uncursed amulet of regeneration {unknown}
Magical devices
 E - a wand of digging (6)
 H - a wand of confusion (18)
Scrolls
 g - a scroll of noise {unknown}
 i - 3 scrolls of remove curse {unknown}
 j - 2 scrolls of enchant armour {unknown}
 l - a scroll of magic mapping {unknown}
 m - 2 scrolls of immolation {unknown}
 n - 3 scrolls of amnesia
 o - 2 scrolls of blinking {unknown}
 I - 3 scrolls of random uselessness {unknown}
 J - 3 scrolls of recharging {unknown}
Potions
 f - a potion of heal wounds {unknown}
 p - a potion of resistance {unknown}
 r - 2 potions of flight
 u - 2 potions of brilliance {unknown}
 z - a potion of agility {unknown}
 A - a potion of ambrosia {unknown}
 B - a potion of lignification {unknown}
 G - a potion of mutation {unknown}
Comestibles
 e - 3 bread rations
 v - 3 beef jerkies
 x - a royal jelly
 C - 2 meat rations
 D - 3 fruits


   Skills:
 - Level 3.7 Fighting
 + Level 8.8 Axes
 + Level 0.8 Throwing
 * Level 7.1 Armour
 * Level 7.1 Shields


You had 7 spell levels left.
You didn't know any spells.

Dungeon Overview and Level Annotations

Branches:
Dungeon (7/15)             Temple (0/1) D:4

Altars:
Elyvilon
Kikubaaqudgha
Nemelex Xobeh
Okawaru
Ru
Sif Muna


Message History

Something hits you but does no damage.
You miss something. Something hits you but does no damage.
You miss something. Something hits you.
* * * LOW HITPOINT WARNING * * *
Something shocks you.
* * * LOW HITPOINT WARNING * * *
You closely miss something. You block its attack. Something hits you.
* * * LOW HITPOINT WARNING * * *
Something shocks you.
* * * LOW HITPOINT WARNING * * *
You miss something. Something hits you but does no damage.
Drink which item? (? for menu, Esc to quit)
You feel better. Something hits you but does no damage.
You slash something! Something hits you but does no damage.
You barely miss something. Something hits you but does no damage.
Your shield and scale mail prevent you from hitting something.
Something hits you.
* * * LOW HITPOINT WARNING * * *
Something shocks you.
You die...

.....# #............
.##..######.....####..
.##...........##.#
....#######.#.#.##
.#### ##...## .# ##.##
)# ##...## .#
##.....######.. ..
#......@{...... ##
#.........###...
.....(..........
.................
###........####.#
#.#.....## # #.##...##
# ##+##


There were no monsters in sight!

Vanquished Creatures
  A sky beast (D:6)
  2 ogres
  A centaur (D:5)
  The ghost of asdu the Sneak, an average VSSk (D:4)
  A scorpion (D:4)
  8 wights
  2 crimson imps (D:5)
  3 orc wizards
  A centaur skeleton (D:5)
  2 giant frog zombies (D:5)
  An iguana (D:6)
  A jelly (D:6)
  A giant frog skeleton (D:5)
  2 hounds
  2 worker ants
  A hound zombie (D:5)
  6 adders
  An adder skeleton (D:6)
  3 worms
  2 giant geckos
  11 orcs
  11 goblins
  11 hobgoblins
  8 kobolds
  4 quokkas
  3 ball pythons
  9 bats
  3 giant cockroaches
  A giant gecko skeleton (D:6)
  5 giant newts
  A jackal zombie (D:5)
  A quokka skeleton (D:5)
  8 rats
118 creatures vanquished.

Vanquished Creatures (others)
  A human (D:2)
1 creature vanquished.

Grand Total: 119 creatures vanquished

Notes
Turn   | Place    | Note
--------------------------------------------------------------
     0 | D:1      | Xipe the Hill Orc Fighter began the quest for the Orb.
     0 | D:1      | Reached XP level 1. HP: 19/19 MP: 1/1
   153 | D:1      | Reached XP level 2. HP: 12/27 MP: 2/2
   260 | D:1      | Reached skill level 4 in Axes
   389 | D:1      | Reached XP level 3. HP: 25/33 MP: 3/3
   758 | D:2      | Reached skill level 5 in Axes
   843 | D:2      | Found a faded altar to an unknown god.
   843 | D:2      | Found an ancient bone altar of Kikubaaqudgha.
   843 | D:2      | Noticed a human
   847 | D:2      | Killed a human
   920 | D:2      | Reached XP level 4. HP: 36/40 MP: 4/4
   923 | D:2      | Became a worshipper of Elyvilon the Healer
   923 | D:2      | Acquired Elyvilon's first power
  1576 | D:3      | Acquired Elyvilon's second power
  1612 | D:3      | Reached skill level 6 in Axes
  1653 | D:3      | Reached XP level 5. HP: 19/46 MP: 5/5
  2085 | D:3      | Fell from the grace of Elyvilon
  2085 | D:3      | Became a worshipper of Beogh the Brigand
  2300 | D:4      | Reached skill level 7 in Axes
  2619 | D:4      | Reached XP level 6. HP: 20/52 MP: 6/6
  2634 | D:4      | Found a sparkling altar of Nemelex Xobeh.
  2683 | D:4      | Found a staircase to the Ecumenical Temple.
  2715 | D:4      | Noticed asdu's ghost (average VSSk)
  2735 | D:4      | Killed asdu's ghost
  2999 | D:4      | Reached XP level 7. HP: 55/58 MP: 7/7
  3098 | D:4      | Found a deep blue altar of Sif Muna.
  3152 | D:4      | Reached skill level 5 in Armour
  3152 | D:4      | Reached skill level 5 in Shields
  3216 | D:4      | Found a sacrificial altar of Ru.
  3332 | D:5      | Entered Level 5 of the Dungeon
  3538 | D:5      | Reached skill level 8 in Axes
  3586 | D:5      | Reached XP level 8. HP: 11/66 MP: 8/8
  4007 | D:5      | Got a heavily runed leather armour
  4008 | D:5      | Identified the +4 leather armour "Ydda" {Str+5} (You found it on level 5 of the Dungeon)
  4157 | D:5      | Acquired Beogh's first power
  4212 | D:5      | Found an iron altar of Okawaru.
  5290 | D:7      | HP: 2/66 [something (6)]
  5295 | D:7      | Slain by a sky beast

Vault maps used:
D:1:      dpeg_arrival_shelter
D:2:      ecumenical_altar_1, tgw_kikubaaqudgha
D:4:      nemelex_xobeh_ov_fountains_minmay, kennysheep_little_box,
          led_sif_pool, temple_fountains
D:5:      okawaru_altar_gauntlet_db, first_bread
D:6:      gup_sewer_entry_bowl
D:7:      uniq_pikel

Action                   |  1- 3 |  4- 6 |  7- 9 || total
-------------------------+-------+-------+-------++-------
Melee: War axe           |   138 |   221 |   312 ||   671
Invok: Convert to Beogh  |       |     1 |       ||     1
  Use: Potion            |       |       |     8 ||     8
       Scroll            |       |       |     6 ||     6
  Eat: Chunk             |       |     3 |     6 ||     9
       Meat ration       |       |     1 |       ||     1
       Fruit             |       |       |     1 ||     1
